 Dungeon Crawl Stone Soup version 0.22-a0-351-g29664b4 (webtiles) character file.

53 JeffiDaFish the Digger (level 3, -1/19 HPs)
             Began as a Gargoyle Earth Elementalist on Apr 12, 2018.
             Slain by a worm (4 damage)
             ... on level 2 of the Dungeon.
             The game lasted 00:02:34 (1526 turns).

JeffiDaFish the Digger (GrEE)                       Turns: 1526, Time: 00:02:34

Health: -1/19      AC:  5    Str: 10 (11) XL:     3   Next: 87%
Magic:  3/7        EV: 12    Int: 15 (16) God:
Gold:   52         SH:  0    Dex: 10      Spells: 7/8 levels left

rFire    . . .     SeeInvis .   e - +1 spear
rCold    . . .     Gourm    .   (no shield)
rNeg     + . .     Faith    .   c - +0 robe
rPois    ∞         Spirit   .   (no helmet)
rElec    +         Reflect  .   (no cloak)
rCorr    .         Harm     .   (no gloves)
MR       .....                  (no boots)
Stlth    ++........             (no amulet)
HPRegen  0.06/turn              (no ring)
MPRegen  0.10/turn              (no ring)

@: very slightly contaminated
A: negative energy resistance 1, electricity resistance, unbreathing,
petrification resistance, rot immunity, AC +3
a: no special abilities


You were on level 2 of the Dungeon.
You were not hungry.

You visited 1 branch of the dungeon, and saw 2 of its levels.

You collected 52 gold pieces.

Inventory:

Hand Weapons
 e - a +1 spear (weapon)
Missiles
 b - 88 stones (quivered)
Armour
 c - a +0 robe (worn)
Scrolls
 a - a scroll of fear
Potions
 g - 2 potions of curing
Comestibles
 d - 2 rations


   Skills:
 - Level 1.5 Dodging
 - Level 2.2 Stealth
 + Level 3.0 Spellcasting
   Level 0.7 Transmutations
 + Level 4.7 Earth Magic


You had 7 spell levels left.
You knew the following spells:

 Your Spells              Type           Power        Failure   Level  Hunger
a - Sandblast             Erth           ###...       2%          1    #......


Dungeon Overview and Level Annotations

Branches:
Dungeon (2/15)

Altars:


Innate Abilities, Weirdness & Mutations

You are resistant to torment.
Your stone body is resilient. (AC +3)
You are immune to poison.
You resist negative energy. (rN+)
You are resistant to electric shocks. (rElec)
You can survive without breathing.
You are immune to petrification.
You are immune to rotting.


Message History

You kill the hobgoblin!
b - 88 stones
Casting: Sandblast (safe; 2% risk of failure)
Confirm with . or Enter, or press ? or * to list all spells.
Aiming: Sandblast (safe; 2% risk of failure)
Press: ? - help, Shift-Dir - straight line, f - worm
Aim: a worm (severely wounded)
You miscast Sandblast.
You are very lightly contaminated with residual magic.
Nothing appears to happen.
You hit the worm.
The worm is severely wounded.
You barely miss the worm.
The worm is severely wounded.
The worm bites you!
* * * LOW HITPOINT WARNING * * *
You hit the worm.
The worm is almost dead.
The worm bites you.
You die...

####.#.#
#.#.############
#.#.....#......##
#.#####.#.>.÷..'. #.#
#.#......## #.#
#.#####'## #.# #.#
##'### ##.####.# #.#
#.....
#....w@.#####.####.....
#....####........'.((..
#.... #.########.....
#.... #.# #.......
#...) #.# #.######
#..## #...# #.# #..
#§§§# #.# #.. #§§§# #.#
#§§§# #.#


You could see a worm.

Vanquished Creatures
  2 adders (D:2)
  An ooze (D:1)
  A bat (D:1)
  2 giant cockroaches (D:2)
  4 hobgoblins
  4 jackals (D:1)
  4 frilled lizards
  4 goblins
  3 kobolds
  6 rats
31 creatures vanquished.

Vanquished Creatures (others)
  A quokka (D:2)
1 creature vanquished.

Grand Total: 32 creatures vanquished

Notes
Turn   | Place    | Note
-------+----------+-------------------------------------------
     0 | D:1      | JeffiDaFish the Gargoyle Earth Elementalist began the quest for the Orb.
     0 | D:1      | Reached XP level 1. HP: 10/10 MP: 3/3
   138 | D:1      | Reached skill level 4 in Earth Magic
   138 | D:1      | Reached XP level 2. HP: 15/15 MP: 1/5
   939 | D:2      | Reached XP level 3. HP: 19/19 MP: 6/6
  1526 | D:2      | Slain by a worm

Vault maps used:
D:1:      giann_forest_graveyard
D:2:      lemuel_flame_loot_1

Skill      XL: |  1  2  3 |
---------------+----------+-----
Earth Magic    | 4 |  4.7
Spellcasting   | 3 |  3.0
Dodging        | |  1.5
Stealth        | |  2.2
Transmutations | |  0.7

Action                   || total
-------------------------++-------
Melee: Spear             ||    92
 Cast: Sandblast         ||    14
  Use: Potion            ||     8
       Scroll            ||     3
 Stab: Sleeping          ||     5
  Eat: Chunk             ||     2
Armor: Robe              ||    33
Dodge: Dodged            ||    59

Table legend:
 A = Spawn XP
 B = Non-spawn XP
 C = Spawn XP percentage of total XP
 D = Spawn monster count
 E = Non-spawn monster count
 F = Spawn count percentage of total count
 G = Total turns spent on level
                    A         B        C        D         E        F      G
               +---------+---------+-------+---------+---------+-------+---------
         Total |       0 |      76 |   0.0 |       0 |      31 |   0.0 |  1526
               +---------+---------+-------+---------+---------+-------+---------
           D:1 |       0 |      30 |   0.0 |       0 |      16 |   0.0 |   742
           D:2 |       0 |      46 |   0.0 |       0 |      15 |   0.0 |   784
               +---------+---------+-------+---------+---------+-------+---------
